 Dungeon Crawl Stone Soup version 0.21-a0-504-g2eda330 (webtiles) character file.

9 4thArraOfDagon the Firebug (level 2, -2/19 HPs)
             Began as a Barachi Fire Elementalist on Nov 25, 2017.
             Slain by a quokka (4 damage)
             ... on level 2 of the Dungeon.
             The game lasted 00:01:08 (196 turns).

4thArraOfDagon the Firebug (BaFE)                    Turns: 196, Time: 00:01:09

Health: -2/19      AC:  2    Str:  9    XL:     2   Next: 12%
Magic:  0/5        EV: 12    Int: 15    God:
Gold:   14         SH:  0    Dex: 12    Spells: 4/5 levels left

rFire    . . .     SeeInvis .   e - -1 short sword (curse)
rCold    . . .     Gourm    .   (no shield)
rNeg     . . .     Faith    .   a - +0 robe
rPois    .         Spirit   .   (no helmet)
rElec    .         Reflect  .   (no cloak)
rCorr    .         Harm     .   (no gloves)
MR       .....                  (no boots)
Stlth    ++........             (no amulet)
HPRegen  0.06/turn              (no ring)
MPRegen  0.09/turn              (no ring)

@: can't hop, slow
A: +LOS, swims, slowness 1, strong legs 1
a: Hop


You were on level 2 of the Dungeon.
You were not hungry.

You visited 1 branch of the dungeon, and saw 2 of its levels.

You collected 14 gold pieces.

Inventory:

Hand Weapons
 e - a cursed -1 short sword (weapon)
Armour
 a - a +0 robe (worn)
Scrolls
 d - a scroll of remove curse {unknown}
Books
 b - a book of Flames

   Spells                             Type                      Level
   a - Flame Tongue                   Conjuration/Fire             1
   b - Throw Flame                    Conjuration/Fire             2
   c - Conjure Flame                  Conjuration/Fire             3
   d - Inner Flame                    Hexes/Fire                   3
   e - Sticky Flame                   Conjuration/Fire             4
   f - Fireball                       Conjuration/Fire             5
Comestibles
 c - a bread ration


   Skills:
 - Level 2.1 Dodging
 - Level 1.7 Stealth
 + Level 2.3 Spellcasting
 * Level 1.7 Conjurations
 * Level 3.5 Fire Magic


You had 4 spell levels left.
You knew the following spells:

 Your Spells              Type           Power        Failure   Level  Hunger
a - Flame Tongue          Conj/Fire      #....        8%          1    #......


Dungeon Overview and Level Annotations

Branches:
Dungeon (2/15)

Altars:

Annotations:
D:2 Terence


Innate Abilities, Weirdness & Mutations

Shadows flee at your approach. (+LOS)
You can swim through water.
You cover ground slowly.
You can hop short distances.


Message History

Unknown command.
Found a meat ration.
Unknown command.
The quokka closely misses you.
Unknown command.
Terence the Incautious comes into view.
He is wielding a flail of holy wrath.
Unknown command.
Casting: Flame Tongue
Confirm with . or Enter, or press ? or * to list all spells.
Aiming: Flame Tongue
Press: ? - help, Shift-Dir - straight line, f - quokka
Aim: a quokka (severely wounded)
The flame tongue hits the quokka.
The quokka appears unharmed.
The quokka is severely wounded.
Terence shouts!
The quokka completely misses you.
Unknown command.
Unknown command.
The quokka bites you.
You die...

..#### #.#..##.w..[# #.##
#....##.....#
#(.#####.<..##.....#
......##....##.....#
......'.....##.....#
†.....#......#.....########
....(.....#..#.............
..........#..#...r.........
...#.#..###.##..@.[........
...#...........###.....%...
...##..####.... #.........
...##.... #... #.........
...###.#.##.#. #....@....
...# .#.... #......... ####
..###. #......... ..
#......... ........


You could see Terence, a worm and a quokka.

Vanquished Creatures
  2 leopard geckos
  An orc (D:2)
  2 kobolds (D:2)
  A frilled lizard (D:2)
6 creatures vanquished.

Notes
Turn   | Place    | Note
-------+----------+-------------------------------------------
     0 | D:1      | 4thArraOfDagon the Barachi Fire Elementalist began the quest for the Orb.
     0 | D:1      | Reached XP level 1. HP: 13/13 MP: 3/3
   148 | D:2      | Reached XP level 2. HP: 10/19 MP: 0/5
   193 | D:2      | Noticed Terence
   196 | D:2      | Slain by a quokka

Vault maps used:
D:1:      lemuel_arrival_tunnels
D:2:      uniq_terence

Action                   || total
-------------------------++-------
Melee: Short sword       ||     2
 Cast: Flame Tongue      ||    13
 Abil: Hop               ||     1
  Use: Potion            ||     1
Armor: Robe              ||     1
Dodge: Dodged            ||     8

Table legend:
 A = Spawn XP
 B = Non-spawn XP
 C = Spawn XP percentage of total XP
 D = Spawn monster count
 E = Non-spawn monster count
 F = Spawn count percentage of total count
 G = Total turns spent on level
                    A         B        C        D         E        F      G
               +---------+---------+-------+---------+---------+-------+---------
         Total |       0 |      13 |   0.0 |       0 |       6 |   0.0 |   196
               +---------+---------+-------+---------+---------+-------+---------
           D:1 |       0 |       3 |   0.0 |       0 |       1 |   0.0 |    43
           D:2 |       0 |      10 |   0.0 |       0 |       5 |   0.0 |   153
               +---------+---------+-------+---------+---------+-------+---------
